 Dungeon Sprint DCSS version 0.19.5 (webtiles) character file.

13671 dwjmeijer the Imperceptible (level 11, -3/47 HPs)
             Began as a Spriggan Enchanter on May 12, 2017.
             Was an Elder of Nemelex Xobeh.
             Slain by a hornet (8 damage)
             ... while paralysed by a hornet
             ... in the Dungeon (Sprint I: "Red Sonja").
             The game lasted 00:12:28 (1509 turns).

dwjmeijer the Imperceptible (Spriggan Enchanter)    Turns: 1509, Time: 00:12:30

Health: -3/47      AC:  3    Str:  4    XL:     11   Next: 78%
Magic:  10/22      EV:  4    Int: 17    God:    Nemelex Xobeh [****..]
Gold:   566        SH:  0    Dex: 20    Spells: 6 memorised, 6 levels left

rFire  . . .     SeeInvis +     o - +0 dagger (pain)
rCold  . . .     Gourm    .     b - +1 robe
rNeg   . . .     Faith    .     (shield restricted)
rPois  .         Spirit   .     (helmet restricted)
rElec  .         Reflect  .     (no cloak)
rCorr  .         Harm     .     (gloves unavailable)
MR     +....     NoTele   +     (boots unavailable)
Stlth  +++++++++.               (no amulet)
                                (no ring)
                                (no ring)

@: paralysed, very slightly contaminated, invisible, very quick
A: unfitting armour, see invisible, herbivore 3, speed 3, slow metabolism 2
a: Triple Draw, Deal Four, Renounce Religion


You were in the Dungeon.
You worshipped Nemelex Xobeh.
Nemelex Xobeh was greatly pleased with you.
You were not hungry.

You visited 1 branch You collected 1452 gold pieces.
You spent 886 gold pieces at shops.

Inventory:

Hand Weapons
 a - a +1 dagger
 o - a +0 dagger of pain (weapon)
Armour
 b - a +1 robe (worn)
 t - the +1 robe of Elyvilon's Anger {-Cast rElec rCorr Slay+3}
   (You bought it in a shop in the Dungeon)

   It affects your accuracy and damage with ranged weapons and melee attacks
   (+3).
   It insulates you from electricity.
   It prevents spellcasting.
   It protects you from acid and corrosion.
Scrolls
 j - 2 scrolls of blinking
 l - a scroll of magic mapping {unknown}
 m - a scroll of remove curse {unknown}
 n - a scroll of identify {unknown}
 u - a scroll of recharging {unknown}
Potions
 e - a potion of curing
 g - a potion of haste
 h - 2 potions of magic
 i - a potion of flight {unknown}
 r - 2 potions of cure mutation {unknown}
Books
 c - a book of Maledictions

   Spells                             Type                      Level
   a - Corona                         Hexes                        1
   b - Ensorcelled Hibernation        Hexes/Ice                    2
   c - Confuse                        Hexes                        3
   d - Tukima's Dance                 Hexes                        3
   e - Dazzling Spray                 Conjuration/Hexes            3
 s - a book of Burglary

   Spells                             Type                      Level
   a - Swiftness                      Charms/Air                   2
   b - Passwall                       Transmutation/Earth          2
   c - Passage of Golubria            Translocation                4
   d - Lee's Rapid Deconstruction     Earth                        5
   e - Darkness                       Hexes                        6
   f - Invisibility                   Hexes                        6
Miscellaneous
 k - a plain deck of destruction
 p - a plain deck of summoning
 q - a phantom mirror
 v - an ornate deck of escape
 w - a plain deck of destruction
 x - an ornate deck of destruction
Comestibles
 d - 3 bread rations


   Skills:
 - Level 1.1 Short Blades
 + Level 13.7 Dodging
 * Level 25.0 Stealth
 - Level 7.2 Spellcasting
 * Level 20.6 Hexes
 + Level 9.7 Invocations


You had 6 spell levels left.
You knew the following spells:

 Your Spells              Type           Power        Failure   Level  Hunger
a - Corona                Hex            ######.      0%          1    None
b - Ensorcelled Hibernat  Hex/Ice        #####.       1%          2    None
c - Confuse               Hex            ######..     0%          3    ##.....
d - Dazzling Spray        Conj/Hex       #####.       1%          3    ##.....
e - Tukima's Dance        Hex            ######..     0%          3    ##.....
f - Invisibility          Hex            ######..     1%          6    #######


Dungeon Overview and Level Annotations

Branches:
Dungeon (1/1)

Altars:
Cheibriados
Dithmenos
Elyvilon
Fedhas
Gozag
Hepliaklqana
Kikubaaqudgha
Makhleb
Nemelex Xobeh
Okawaru
Qazlal
Ru
Sif Muna
Trog
Uskayaw
Vehumet
Xom
Yredelemnul
Zin
The Shining One
Jiyva
Lugonu

Shops:
D [:([[[([!}!!(**[:

Annotations:
D exclusion: oklob plant


Innate Abilities, Weirdness & Mutations

You are very small and have problems with some larger weapons.
You are too small for most types of armour.
You have supernaturally acute eyesight. (SInv)
You are a herbivore.
You cover ground extremely quickly.
You need consume almost no food.


Message History

The hornet completely misses you.
The bat skeleton hits you but does no damage.
The hornet barely misses you. The vampire misses you.
The vampire completely misses you. The hornet completely misses you.
The hornet closely misses you. The bat skeleton completely misses you.
The hornet closely misses you. The vampire completely misses you. x2
The hornet completely misses you. The hornet misses you.
You catch the helpless hornet completely off-guard!
You spit the hornet like a pig!!!
You kill the hornet!
The bat skeleton completely misses you. x2; The hornet completely misses you.
The hornet stings you.
* * * LOW HITPOINT WARNING * * *
You suddenly lose the ability to move!
The bat skeleton barely misses you. The vampire completely misses you.
The vampire bites you.
* * * LOW HITPOINT WARNING * * *
The vampire draws strength from your injuries!
The hornet stings you!
You die...
Your body glows with a rainbow of weird colours and disappears.

'.# ###+#
[$##..# ###
#§##$$$#..##
#..###$#..≈###
##.#A#$#..≈.|#
#..###$#..≈.##
#.##..$#4.≈##
#..#+###em≈#
##...#PyVy##
###.#M≈@.#
#.###Z.# #.#
+..# ####+#
##'# ###....#
≈≈ #...####
≈≈≈ ....C..###
≈≈≈ C..####
≈≈≈≈ .


You could see a deep elf annihilator, a mummy priest, an oklob plant (unaware),
a hellwing, a siren, 2 hornets, a vampire (invisible) and a bat skeleton.

Vanquished Creatures
  A hydra (D)
  2 centaur warriors (D)
  Sonja (D)
  7 unseen horrors (D)
  A deep troll (D)
  A lindwurm (D)
  An oklob plant (D)
  A siren (D)
  4 demonic crawlers (D)
  2 kobold demonologists (D)
  3 hornets (D)
  A slime creature (D)
  Sigmund (D)
  2 redbacks (D)
  A yak (D)
  13 hogs (D)
  3 floating eyes (D)
  7 necrophages (D)
  An ogre (D)
  8 jellies (D)
  Ijyb (D)
  A ballistomycete spore (D)
63 creatures vanquished.

Vanquished Creatures (others)
  A ballistomycete spore (D)
1 creature vanquished.

Grand Total: 64 creatures vanquished

Notes
Turn   | Place    | Note
-------+----------+-------------------------------------------
     0 | D        | dwjmeijer the Spriggan Enchanter began the quest for the Orb.
     0 | D        | Reached XP level 1. HP: 9/9 MP: 5/5
     2 | D        | Noticed Ijyb
     9 | D        | Killed Ijyb
     9 | D        | Reached skill level 7 in Stealth
     9 | D        | Reached skill level 5 in Hexes
     9 | D        | Reached XP level 2. HP: 13/13 MP: 6/8
    51 | D        | Learned a level 2 spell: Ensorcelled Hibernation
    52 | D        | Noticed an ogre
    61 | D        | Killed an ogre
    61 | D        | Reached skill level 10 in Stealth
    61 | D        | Reached skill level 5 in Spellcasting
    61 | D        | Reached XP level 3. HP: 16/16 MP: 2/11
    61 | D        | Reached XP level 4. HP: 21/21 MP: 2/12
    77 | D        | Learned a level 3 spell: Confuse
    81 | D        | Learned a level 3 spell: Dazzling Spray
    85 | D        | Learned a level 3 spell: Tukima's Dance
   138 | D        | Noticed Sigmund
   140 | D        | Killed Sigmund
   140 | D        | Reached skill level 12 in Stealth
   140 | D        | Reached skill level 10 in Hexes
   140 | D        | Reached XP level 5. HP: 24/24 MP: 12/15
   140 | D        | Reached XP level 6. HP: 28/28 MP: 13/17
   152 | D        | Found a deep blue altar of Sif Muna.
   154 | D        | Found a radiant altar of Vehumet.
   158 | D        | Reached skill level 13 in Stealth
   168 | D        | Found Nuafeda's Book Emporium.
   168 | D        | Found an ancient bone altar of Kikubaaqudgha.
   168 | D        | Found a hazy altar of Hepliaklqana.
   168 | D        | Found a stormy altar of Qazlal.
   168 | D        | Found a hide-covered altar of Uskayaw.
   168 | D        | Found a blossoming altar of Fedhas.
   168 | D        | Found a bloodstained altar of Trog.
   168 | D        | Found an iron altar of Okawaru.
   168 | D        | Found a basalt altar of Yredelemnul.
   168 | D        | Found a glowing golden altar of the Shining One.
   168 | D        | Found a snail-covered altar of Cheibriados.
   168 | D        | Found a sacrificial altar of Ru.
   168 | D        | Found a glowing silver altar of Zin.
   168 | D        | Found a shadowy altar of Dithmenos.
   168 | D        | Found a white marble altar of Elyvilon.
   168 | D        | Noticed a yak
   169 | D        | Found an opulent altar of Gozag.
   170 | D        | Killed a yak
   170 | D        | Reached skill level 14 in Stealth
   171 | D        | Found a sparkling altar of Nemelex Xobeh.
   174 | D        | Became a worshipper of Nemelex Xobeh the Trickster
   201 | D        | Noticed Sonja
   205 | D        | Killed Sonja
   205 | D        | Reached skill level 17 in Stealth
   205 | D        | Reached XP level 7. HP: 32/32 MP: 18/18
   205 | D        | Reached XP level 8. HP: 36/36 MP: 19/19
   219 | D        | Found Oxidgh's Antique Armour Boutique.
   239 | D        | Received a gift from Nemelex Xobeh
   239 | D        | Noticed a deep troll
   243 | D        | Killed a deep troll
   243 | D        | Reached skill level 18 in Stealth
   243 | D        | Reached skill level 15 in Hexes
   258 | D        | Found Navieraw's Armour Emporium.
   286 | D        | Reached * piety under Nemelex Xobeh
   327 | D        | Found a burning altar of Makhleb.
   327 | D        | Found a viscous altar of Jiyva.
   327 | D        | Found a shimmering altar of Xom.
   327 | D        | Found a corrupted altar of Lugonu.
   327 | D        | Noticed a slime creature
   330 | D        | Killed a slime creature
   330 | D        | Reached skill level 1 in Invocations
   342 | D        | Noticed a kobold demonologist
   343 | D        | Noticed a kobold demonologist
   346 | D        | Reached skill level 19 in Stealth
   348 | D        | Killed a kobold demonologist
   348 | D        | Reached skill level 5 in Dodging
   348 | D        | Reached XP level 9. HP: 39/39 MP: 17/20
   350 | D        | Noticed a soul eater
   353 | D        | Killed a kobold demonologist
   487 | D        | Received a gift from Nemelex Xobeh
   487 | D        | Noticed a centaur warrior
   487 | D        | Noticed a centaur warrior
   491 | D        | Killed a centaur warrior
   491 | D        | Reached skill level 20 in Stealth
   493 | D        | Killed a centaur warrior
   493 | D        | Reached skill level 5 in Invocations
   506 | D        | Reached skill level 21 in Stealth
   518 | D        | Noticed an oklob plant
   520 | D        | Killed an oklob plant
   520 | D        | Reached XP level 10. HP: 44/44 MP: 21/21
   551 | D        | Noticed an unseen horror
   552 | D        | Noticed an unseen horror
   558 | D        | Killed an unseen horror
   560 | D        | Killed an unseen horror
   560 | D        | Reached skill level 10 in Dodging
   560 | D        | Reached skill level 22 in Stealth
   586 | D        | Reached ** piety under Nemelex Xobeh
   712 | D        | Found Aroeg's Assorted Antiques.
   713 | D        | Found Gotwuama's General Store.
   716 | D        | Found Bunaam's Book Emporium.
   728 | D        | Found Amimnex's Weapon Boutique.
   728 | D        | Found Daul's Distillery.
   728 | D        | Found Big Lant's Distillery.
   728 | D        | Found Modymoej's Gadget Emporium.
   728 | D        | Found Osoffihop's Distillery.
   728 | D        | Found Vabofadu's Armour Shoppe.
   728 | D        | Found Wunlouge's Antique Weapon Shop.
   729 | D        | Found Vaebaqub's Armour Emporium.
   754 | D        | Found Neosh's Antique Armour Shoppe.
   754 | D        | Found Dike Zodgh's Weapon Shop.
   754 | D        | Found Noadaff's Armour Boutique.
   771 | D        | Bought a book of Burglary for 750 gold pieces
   778 | D        | Learned a level 6 spell: Invisibility
   788 | D        | Bought a sheer robe for 136 gold pieces
   798 | D        | Identified the +1 robe of Elyvilon's Anger {-Cast rElec rCorr Slay+3} (You bought it in a shop in the Dungeon)
   864 | D        | Reached skill level 23 in Stealth
   882 | D        | Noticed a lindwurm
   884 | D        | Killed a lindwurm
   884 | D        | Reached XP level 11. HP: 46/46 MP: 22/22
  1216 | D        | Noticed a 12-headed hydra
  1218 | D        | Killed a 12-headed hydra
  1218 | D        | Reached skill level 24 in Stealth
  1226 | D        | Reached *** piety under Nemelex Xobeh
  1226 | D        | Received a gift from Nemelex Xobeh
  1236 | D        | Noticed a daeva
  1238 | D        | Received a gift from Nemelex Xobeh
  1240 | D        | Noticed an unseen horror
  1240 | D        | Noticed an unseen horror
  1240 | D        | Noticed an unseen horror
  1248 | D        | Killed an unseen horror
  1250 | D        | Killed an unseen horror
  1253 | D        | Killed an unseen horror
  1350 | D        | Noticed an unseen horror
  1352 | D        | Noticed an unseen horror
  1353 | D        | Killed an unseen horror
  1356 | D        | Killed an unseen horror
  1448 | D        | Noticed a fire giant
  1451 | D        | Noticed a fire giant
  1452 | D        | Noticed a fire giant
  1486 | D        | Noticed a deep elf annihilator
  1487 | D        | Received a gift from Nemelex Xobeh
  1492 | D        | Reached **** piety under Nemelex Xobeh
  1493 | D        | Noticed a mummy priest
  1494 | D        | Noticed an oklob plant
  1501 | D        | Reached skill level 25 in Stealth
  1506 | D        | HP: 1/47 [vampire[a mummy priest] (3)]
  1509 | D        | Paralysed by a hornet for 3 turns
  1509 | D        | Slain by a hornet

Skill      XL: |  1  2  3  4  5  6  7  8  9 10 11 |
---------------+----------------------------------+-----
Stealth        | 7 10 12 17 19 21 23 25 | 25.0
Spellcasting   | 4 5 7 |  7.2
Hexes          | 5 7 10 13 15 17 19 20 | 20.6
Invocations    | 2 5 7 9 |  9.7
Dodging        | 5 8 11 13 | 13.7
Short Blades   | |  1.1

Action                   |  1- 3 |  4- 6 |  7- 9 | 10-12 || total
-------------------------+-------+-------+-------+-------++-------
Melee: Dagger            |     8 |     4 |     9 |    74 ||    95
 Cast: Ensorcelled Hiber |     3 |       |     6 |    28 ||    37
       Dazzling Spray    |       |       |     1 |       ||     1
       Confuse           |       |       |       |    11 ||    11
       Invisibility      |       |       |       |     1 ||     1
  Use: Potion            |     1 |       |       |     3 ||     4
 Stab: Sleeping          |     2 |     4 |     9 |    40 ||    55
       Confused          |       |       |       |     6 ||     6
       Invisible         |       |       |       |     1 ||     1
Armor: Robe              |       |       |     1 |     3 ||     4
Dodge: Dodged            |     6 |       |    10 |   133 ||   149
